 Dungeon Crawl Stone Soup version 0.21-a0-504-g2eda33064f (webtiles) character file.

56 Kaname the Magician (level 3, -3/24 HPs)
             Began as a Demonspawn Wizard on Nov 25, 2017.
             Killed from afar by an orc wizard (10 damage)
             ... with a magic dart
             ... on level 2 of the Dungeon.
             The game lasted 00:04:19 (1254 turns).

Kaname the Magician (Demonspawn Wizard)             Turns: 1254, Time: 00:04:20

Health: -3/24      AC:  2    Str:  7    XL:     3   Next: 69%
Magic:  1/7        EV: 12    Int: 20    God:
Gold:   29         SH:  0    Dex: 11    Spells: 0/8 levels left

rFire    . . .     SeeInvis .   g - +2 dagger (speed)
rCold    . . .     Gourm    .   (no shield)
rNeg     . . .     Faith    .   a - +0 robe
rPois    .         Spirit   .   b - +0 hat
rElec    .         Reflect  .   (no cloak)
rCorr    .         Harm     .   (no gloves)
MR       .....                  (no boots)
Stlth    ++........             (no amulet)
HPRegen  0.08/turn              (no ring)
MPRegen  0.10/turn              (no ring)

@: no status effects
A: claws 2
a: no special abilities


You were on level 2 of the Dungeon.
You were not hungry.

You visited 1 branch of the dungeon, and saw 2 of its levels.

You collected 29 gold pieces.

Inventory:

Hand Weapons
 g - a +2 dagger of speed (weapon)
Armour
 a - a +0 robe (worn)
 b - a +0 hat (worn)
Scrolls
 e - a scroll of identify {unknown}
Potions
 h - 2 potions of curing {unknown}
Books
 c - a book of Minor Magic

   Spells                             Type                      Level
   a - Magic Dart                     Conjuration                  1
   b - Blink                          Translocation                2
   c - Call Imp                       Summoning                    2
   d - Slow                           Hexes                        2
   e - Conjure Flame                  Conjuration/Fire             3
   f - Mephitic Cloud                 Conjuration/Poison/Air       3
Comestibles
 d - 2 bread rations
 f - a royal jelly
 i - 4 chunks of flesh


   Skills:
 - Level 1.7 Dodging
 - Level 1.7 Stealth
 - Level 3.0 Spellcasting
 - Level 3.0 Conjurations
 - Level 1.0 Summonings
 - Level 1.0 Translocations
 + Level 1.4 Air Magic


You couldn't memorise any spells.
You knew the following spells:

 Your Spells              Type           Power        Failure   Level  Hunger
a - Magic Dart            Conj           ###.         4%          1    None
b - Blink                 Tloc           N/A          14%         2    ##.....
c - Mephitic Cloud        Conj/Pois/Air  #.......     22%         3    ###....
d - Call Imp              Summ           #.......     14%         2    ##.....


Dungeon Overview and Level Annotations

Branches:
Dungeon (2/15)

Altars:
Ashenzari


Innate Abilities, Weirdness & Mutations

You have very sharp fingernails.


Message History

The worm closely misses you.
Casting: Magic Dart
Confirm with . or Enter, or press ? or * to list all spells.
You can't see any susceptible monsters within range! (Use Z to cast anyway.) Unknown command.
Casting: Magic Dart
Confirm with . or Enter, or press ? or * to list all spells.
Aiming: Magic Dart
Press: ? - help, Shift-Dir - straight line, f/p - worm
Aim: a worm (moderately wounded)
The magic dart hits the worm.
The worm is heavily wounded.
Unknown command.
The orc wizard shouts!
You hear a shout!
The orc wizard casts a spell at you. The magic dart hits you!
* * * LOW HITPOINT WARNING * * *
The orc wizard casts a spell at you. The magic dart hits you!
You die...

#.# ###........##.o
... .###
.......<......# ..#
..# ...........####
#.# ... .##........#
#.# ####.##
#........#
#.##......
#####o##.# #<#..
#†## ......# .#
#.#.#
#..######......# ..
##.#.# ##).....@.#
#.. .. #..>.#
###..#...####
#...####†..####....#
..#.#....### ####.##
###...#### #..#
#....## ##.# #.##.#
#w# ##### .. #.#
#.####..... . #.# ##
#......#


You could see an orc wizard.

Vanquished Creatures
  An ooze (D:1)
  A worm (D:2)
  2 leopard geckos (D:1)
  An orc (D:1)
  A ball python (D:1)
  2 giant cockroaches (D:1)
  7 goblins (D:1)
  6 hobgoblins
  3 jackals
  5 kobolds
  6 bats
  3 frilled lizards
  4 rats (D:1)
42 creatures vanquished.

Notes
Turn   | Place    | Note
-------+----------+-------------------------------------------
     0 | D:1      | Kaname the Demonspawn Wizard began the quest for the Orb.
     0 | D:1      | Reached XP level 1. HP: 13/13 MP: 4/4
     3 | D:1      | Noticed an electric eel
     3 | D:1      | Noticed an electric eel
   130 | D:1      | Gained mutation: You have sharp fingernails. [demonic ancestry]
   130 | D:1      | Reached XP level 2. HP: 19/19 MP: 1/6
   153 | D:1      | Found a shattered altar of Ashenzari.
   184 | D:1      | Learned a level 2 spell: Blink
   421 | D:1      | Gained mutation: You have very sharp fingernails. [demonic ancestry]
   421 | D:1      | Reached XP level 3. HP: 19/24 MP: 0/7
   426 | D:1      | Learned a level 3 spell: Mephitic Cloud
   429 | D:1      | Learned a level 2 spell: Call Imp
   469 | D:1      | Reached skill level 1 in Translocations
   800 | D:2      | Reached skill level 1 in Air Magic
  1254 | D:2      | Killed from afar by an orc wizard

Vault maps used:
D:1:      arrival_aquarium_b, ashenzari_altar_1
D:2:      first_bread

Skill      XL: |  1  2  3 |
---------------+----------+-----
Conjurations   | 2 3 |  3.0
Translocations | 1 |  1.0
Air Magic      | 1 |  1.4
Dodging        | |  1.7
Stealth        | |  1.7
Spellcasting   | |  3.0
Summonings     | |  1.0

Action                   || total
-------------------------++-------
Melee: Dagger            ||    51
       Unarmed           ||     4
 Cast: Magic Dart        ||    80
 Stab: Sleeping          ||     1
  Eat: Chunk             ||     1
Armor: Robe              ||    14
Dodge: Dodged            ||    42

Table legend:
 A = Spawn XP
 B = Non-spawn XP
 C = Spawn XP percentage of total XP
 D = Spawn monster count
 E = Non-spawn monster count
 F = Spawn count percentage of total count
 G = Total turns spent on level
                    A         B        C        D         E        F      G
               +---------+---------+-------+---------+---------+-------+---------
         Total |       0 |      80 |   0.0 |       0 |      42 |   0.0 |  1254
               +---------+---------+-------+---------+---------+-------+---------
           D:1 |       0 |      64 |   0.0 |       0 |      34 |   0.0 |  1096
           D:2 |       0 |      16 |   0.0 |       0 |       8 |   0.0 |   158
               +---------+---------+-------+---------+---------+-------+---------
